 Dungeon Crawl Stone Soup version 0.18.1-48-g4cf74bf (webtiles) character file.

203 Joat the Chiller (level 5, -4/36 HPs)
             Began as an Octopode Ice Elementalist on Aug 29, 2016.
             Was an Initiate of Vehumet.
             Slain by an ogre
             ... wielding a +0 giant spiked club
              (16 damage)
             ... on level 4 of the Dungeon.
             The game lasted 00:18:34 (3821 turns).

Joat the Chiller (Octopode Ice Elementalist)        Turns: 3821, Time: 00:18:36

Health: -4/36      AC:  6    Str:  8    XL:     5   Next: 81%
Magic:  2/8        EV: 13    Int: 18    God:    Vehumet [......]
Gold:   101        SH:  0    Dex: 12    Spells: 2 memorised, 4 levels left

rFire  . . .     SeeInvis .     b - +2 mace (protect)
rCold  . . .     Gourm    .     (no shield)
rNeg   . . .     Faith    .     (helmet restricted)
rPois  .         Spirit   .     (no amulet)
rElec  .         Dismiss  .     (no ring)
rCorr  .         Reflect  .     (no ring)
SustAt .         Harm     .     (no ring)
MR     .....                    (no ring)
Stlth  +++.......               (no ring)
                                (no ring)
                                (no ring)
                                (no ring)

@: very slightly contaminated, not resistant to hostile enchantments, fairly
stealthy
A: almost no armour, amphibious, 8 rings, constrict 8, camouflage 1, gelatinous
body 1
a: Renounce Religion


You were on level 4 of the Dungeon.
You worshipped Vehumet.
Vehumet was noncommittal.
You were not hungry.

You visited 1 branch of the dungeon, and saw 4 of its levels.

You collected 101 gold pieces.

Inventory:

Hand Weapons
 b - a +2 mace of protection (weapon)
 f - a +1 dagger of venom
 g - a +0 short sword
Jewellery
 n - an uncursed amulet of magic regeneration {unknown}
Scrolls
 c - 7 scrolls of identify {unknown}
 d - 4 scrolls of teleportation {unknown}
 e - a scroll of remove curse {unknown}
 i - a scroll of immolation {unknown}
 k - a scroll of enchant armour {unknown}
 m - a scroll of recharging {unknown}
 p - a scroll of random uselessness {unknown}
Potions
 j - a potion of degeneration {unknown}
 o - a potion of brilliance {unknown}
 q - 2 potions of curing {unknown}
Books
 a - a book of Frost

   Spells                             Type                      Level
   a - Freeze                         Ice                          1
   b - Throw Frost                    Conjuration/Ice              2
   c - Ozocubu's Armour               Charms/Ice                   3
   d - Throw Icicle                   Conjuration/Ice              4
   e - Summon Ice Beast               Ice/Summoning                4
Comestibles
 h - 3 beef jerkies
 l - 3 chunks of flesh


   Skills:
 + Level 3.1 Fighting
 - Level 0.6 Short Blades
 + Level 3.2 Dodging
 - Level 3.3 Stealth
 + Level 2.3 Spellcasting
   Level 1.0 Conjurations
 - Level 1.4 Charms
 + Level 3.5 Ice Magic


You had 4 spell levels left.
You knew the following spells:

 Your Spells              Type           Power        Failure   Level  Hunger
a - Freeze                Ice            ##..         4%          1    #......
q - Ozocubu's Armour      Chrm/Ice       ##......     21%         3    ###....


Dungeon Overview and Level Annotations

Branches:
Dungeon (4/15)             Temple (0/1) D:4

Altars:
Elyvilon
Kikubaaqudgha
Makhleb
Vehumet
The Shining One


Innate Abilities, Weirdness & Mutations

You cannot wear most types of armour.
You are amphibious.
You can wear up to eight rings at the same time.
You can use your tentacles to constrict eight enemies at once.
Your skin changes colour to match your surroundings (Stealth).
Your rubbery body absorbs attacks (AC +1).


Message History

You freeze the ogre.
The ogre is heavily wounded.
The ogre barely misses you.
Casting: Freeze
Confirm with . or Enter, or press ? or * to list all spells.
Aiming: Freeze
Press: ? - help, Shift-Dir - straight line, f/p - ogre
Aim: an ogre, wielding a giant spiked club (heavily wounded)
You freeze the ogre.
The ogre is severely wounded.
The ogre hits you with a giant spiked club!
Casting: Freeze
Confirm with . or Enter, or press ? or * to list all spells.
Aiming: Freeze
Press: ? - help, Shift-Dir - straight line, f/p - ogre
Aim: an ogre, wielding a giant spiked club (severely wounded)
You freeze the ogre.
The ogre is severely wounded.
The ogre hits you with a giant spiked club!
You die...

+....<.......)..... .)...
#.................. .....[
#..................
......#######..................
...............................
.....................##.##.##.
.....................#.........
...............................
...............O@....#..⌠...⌠..
####+#...............#.........
.....'....................>....
.....#.....>.........#.........
.....#.....###########..⌠...⌠..
######.....#...................
#.....'.........#.........
#.....#........###.##.##.
+.....#........#..........


You could see an ogre.

Vanquished Creatures
  An orc wizard (D:3)
  7 adders
  An ooze (D:1)
  4 worms
  A dart slug (D:1)
  7 giant geckos
  7 orcs
  7 bats
  5 giant cockroaches
  9 goblins
  7 hobgoblins
  5 jackals
  7 kobolds
  A quokka (D:2)
  2 giant newts
  A jackal skeleton (D:4)
  6 rats
78 creatures vanquished.

Notes
Turn   | Place    | Note
--------------------------------------------------------------
     0 | D:1      | Joat the Octopode Ice Elementalist began the quest for the Orb.
     0 | D:1      | Reached XP level 1. HP: 11/11 MP: 3/3
    42 | D:1      | Reached skill level 1 in Fighting
    51 | D:1      | Reached XP level 2. HP: 5/18 MP: 0/5
   722 | D:1      | Reached XP level 3. HP: 18/24 MP: 0/6
   874 | D:1      | Learned a level 3 spell: Ozocubu's Armour
  1477 | D:2      | Reached skill level 1 in Charms
  1477 | D:2      | Reached XP level 4. HP: 20/30 MP: 7/7
  1777 | D:2      | Found a faded altar to an unknown god.
  2063 | D:2      | Found a burning altar of Makhleb.
  2063 | D:2      | Found a white marble altar of Elyvilon.
  2065 | D:2      | Found an ancient bone altar of Kikubaaqudgha.
  2067 | D:2      | Found a radiant altar of Vehumet.
  2070 | D:2      | Found a glowing golden altar of the Shining One.
  2096 | D:2      | Became a worshipper of Vehumet
  2164 | D:2      | Found a burning altar of Makhleb.
  3061 | D:3      | Reached XP level 5. HP: 29/36 MP: 8/8
  3753 | D:4      | Found a staircase to the Ecumenical Temple.
  3797 | D:4      | Noticed an ogre
  3821 | D:4      | Slain by an ogre

Skill      XL: |  1  2  3  4  5 |
---------------+----------------+-----
Fighting       | 1 2 3 |  3.1
Stealth        | 3 |  3.3
Charms         | 1 |  1.4
Dodging        | 3 |  3.2
Short Blades   | |  0.6
Spellcasting   | |  2.3
Conjurations   | |  1.0
Ice Magic      | |  3.5

Action                   |  1- 3 |  4- 6 || total
-------------------------+-------+-------++-------
Melee: Unarmed           |     9 |       ||     9
       Constrict         |     9 |    28 ||    37
       Club              |    19 |       ||    19
       Dagger            |    21 |    35 ||    56
       Tentacles         |     6 |    18 ||    24
       Short sword       |     3 |       ||     3
       Mace              |       |    65 ||    65
 Cast: Freeze            |    29 |     9 ||    38
 Stab: Sleeping          |     3 |     7 ||    10
       Distracted        |       |     1 ||     1
  Eat: Chunk             |     2 |     3 ||     5
       Bread ration      |       |     1 ||     1
Armor: Skin              |     6 |    20 ||    26
Dodge: Dodged            |    54 |    72 ||   126
